AoeStats
← [KMNB] Bandeira

Lombardia

508658970Analyzed
2v2 RM · 9d ago on Sep 23, 2026· 49m 6s· 4 players
Game mode
Random Map
Map size
Medium (4 player)
Population
200
Speed
Normal
Resources
Standard
Victory
Conquest
Starting age
Dark Age
Ending age
Imperial Age
RankedLock teamsTeams togetherTeam positionsShared explorationLock speedFull tech treeHidden civsTurbo modeCheats
Victory
Defeat
🇧🇷 Varangians · Brazil
1616
+20
🇧🇷 Magyars · Brazil
1586
+21
🇬🇧 Danes · United Kingdom
1764
-24
🇬🇧 Varangians · United Kingdom
1625
-17
[KMNB] Bandeira
6:52 Loom
9:41 Feudal Age
10:17 Double-Bit Axe
22:39 Castle Age
21:46 Horse Collar
21:59 Gold Mining
22:21 Bloodlines
24:51 Scale Barding Armor
27:48 Husbandry
28:16 Bow Saw
29:22 Chain Barding Armor
36:16 Wheelbarrow
37:55 Fletching
39:24 Hand Cart
43:45 Imperial Age
43:09 Stone Mining
44:05 Cavalier
45:25 Plate Barding Armor
45:38 Conscription
45:38 Paladin
Fs.Khronos
9:25 Feudal Age
9:40 Loom
9:51 Double-Bit Axe
11:59 Fletching
22:40 Castle Age
21:53 Padded Archer Armor
21:46 Gold Mining
21:36 Horse Collar
23:18 Bodkin Arrow
25:12 Bow Saw
25:35 Heavy Plow
26:24 Wheelbarrow
26:48 Leather Archer Armor
27:14 Crossbowman
30:53 Ballistics
38:07 Imperial Age
36:51 Husbandry
37:02 Bloodlines
37:20 Hand Cart
36:51 Town Watch
38:53 Bracer
40:00 Chemistry
40:01 Ring Archer Armor
39:38 Cranequins
39:49 Heavy Mounted Crossbowman
43:30 Two-Man Saw
43:03 Capped Ram
44:23 Conscription
47:18 Masonry
James
7:10 Loom
9:32 Feudal Age
10:09 Double-Bit Axe
12:50 Horse Collar
21:01 Castle Age
21:37 Scale Barding Armor
21:42 Forging
24:56 Bow Saw
26:20 Wheelbarrow
29:24 Heavy Plow
30:57 Chain Barding Armor
31:11 Bloodlines
31:01 Husbandry
35:15 Iron Casting
35:16 Hand Cart
40:13 Imperial Age
37:29 Town Watch
38:19 Gold Mining
40:16 Elite Jarl
41:58 Blast Furnace
42:07 Conscription
42:48 Crop Rotation
43:02 Plate Barding Armor
42:57 Fletching
43:43 Cavalier
43:49 Vendel Legacy
48:15 Light Cavalry
Aten
1:15 Loom
9:58 Feudal Age
10:06 Man-at-Arms
10:48 Double-Bit Axe
14:03 Arson
15:42 Forging
16:30 Scale Mail Armor
19:46 Wheelbarrow
23:00 Castle Age
21:22 Gold Mining
21:23 Stone Mining
22:47 Horse Collar
23:56 Chain Mail Armor
23:28 Gambesons
23:43 Squires
26:55 Bow Saw
27:54 Fletching
35:40 Caravan
36:27 Hand Cart
37:01 Heavy Plow
42:04 Imperial Age
40:11 Bodkin Arrow
41:09 Iron Casting
43:17 Plate Mail Armor
42:21 Elite Jomsviking
43:03 Elite Varangian Guard
44:26 Ballistics
44:30 Onager
45:47 Siege Engineers
46:53 Northmen's Fury
Connection lost

Rejoining the realm…

Still unreachable

The connection could not be restored.

Session expired

The server has moved on; the page needs a fresh start.